 Dungeon Crawl Stone Soup version 0.19.0-19-g8c6edcc (webtiles) character file.

1991 Leszczynek the Gouger (level 9, 43/43 HPs)
             Began as a Felid Abyssal Knight on Nov 16, 2016.
             Was an Elder of Lugonu.
             Quit the game on level 10 of the Dungeon.
             The game lasted 00:33:07 (14754 turns).

Leszczynek the Gouger (Felid Abyssal Knight)       Turns: 14754, Time: 00:33:08

Health: 43/43      AC:  2    Str:  8    XL:     9   Next: 1%
Magic:  15/15      EV: 25    Int: 17    God:    Lugonu [****..]
Gold:   203        SH:  0    Dex: 16    Spells: 0 memorised, 8 levels left
                                        Lives:  0   Deaths: 2

rFire  . . .     SeeInvis +       - Unarmed
rCold  . . .     Gourm    .     (armour unavailable)
rNeg   . . .     Faith    .     (shield unavailable)
rPois  +         Spirit   .     (helmet unavailable)
rElec  .         Reflect  .     (cloak unavailable)
rCorr  .         Harm     .     (gloves unavailable)
MR     +....                    (boots unavailable)
Stlth  ++++......               D - amulet of rage
                                (no ring)
                                v - ring of poison resistance

@: quick
A: no armour, no weapons or thrown items, stealth, claws 1, fangs 3, see
invisible, carnivore 3, speed 1, shaggy fur 2, slow metabolism 1, sharp paws
a: Depart the Abyss, Bend Space, Banish, Corrupt, Renounce Religion, Evoke
Berserk Rage


You were on level 10 of the Dungeon.
You worshipped Lugonu.
Lugonu was greatly pleased with you.
You were not hungry.

You visited 1 branch of the dungeon, and saw 10 of its levels.
You visited the Abyss 1 time.
You also visited: Bailey.

You collected 353 gold pieces.
You spent 150 gold pieces at shops.

Inventory:

Jewellery
 q - an uncursed ring of ice
 v - a ring of poison resistance (left paw)
 w - a +2 amulet of reflection
 D - an amulet of rage (around neck)
Wands
 i - a wand of disintegration (17/24)
 l - a wand of slowing (3/48)
 s - a wand of lightning (1/15)
 u - a wand of flame (24/48)
 x - a wand of disintegration (12/24)
 y - a wand of slowing (33/48)
 B - a wand of lightning (9/15)
Scrolls
 k - 3 scrolls of teleportation
 t - 3 scrolls of remove curse
 z - a scroll of fear {unknown}
 A - a scroll of noise {unknown}
 E - a scroll of blinking {unknown}
 F - 3 scrolls of vulnerability {unknown}
Potions
 b - a potion of agility {unknown}
 c - 4 potions of heal wounds
 d - a potion of might
 e - a potion of brilliance {unknown}
 f - a potion of berserk rage {unknown}
 h - 4 potions of curing
 m - a potion of mutation {unknown}
 n - 4 potions of ambrosia
 o - 3 potions of haste
 p - 3 potions of flight
 C - a potion of lignification
Books
 H - a book of Geomancy

   Spells                             Type                      Level
   a - Sandblast                      Earth                        1
   b - Passwall                       Transmutation/Earth          2
   c - Stone Arrow                    Conjuration/Earth            3
   d - Petrify                        Transmutation/Earth          4
   e - Lee's Rapid Deconstruction     Earth                        5
Comestibles
 a - 5 meat rations
 g - 3 royal jellies
 j - 3 slices of pizza
 r - 3 beef jerkies


   Skills:
 + Level 7.0 Fighting
 + Level 9.7 Dodging
 - Level 6.0 Stealth
 - Level 10.1 Unarmed Combat
 - Level 7.2 Invocations
 * Level 1.6 Evocations


You had 8 spell levels left.
You didn't know any spells.

Dungeon Overview and Level Annotations

Branches:
Dungeon (10/15)
 Temple: D:4-7         Lair: D:8-11         Orc: D:9-12

Altars:
Ashenzari
Cheibriados
Dithmenos
Gozag
Makhleb
Ru
Xom
Zin

Shops:
D:6 *

Annotations:
D:2 scrolls behind a crate (zin altar)
D:3 1 runed door (yiuf), Natasha
D:5 hippogriff
D:6 Pikel
D:7 4 exclusions, Duvessa
D:9 troll, Prince Ribbit
Abyss:1 Erica, Josephine


Innate Abilities, Weirdness & Mutations

You cannot wear armour.
You are incapable of wielding weapons or throwing items.
Your paws allow you to move quietly. (Stealth)
You have sharp claws.
You have razor-sharp teeth.
You have supernaturally acute eyesight. (SInv)
You are carnivorous and can eat meat at any time.
You cover ground quickly.
You are covered in thick fur. (AC +2)
You have a slow metabolism.
Your sharp claws are effective at attacking unaware monsters.


Message History

You closely miss the killer bee.
The killer bee is severely wounded.
The killer bee completely misses you. The killer bee misses you.
The killer bee completely misses you. x2
Unknown command.
You closely miss the killer bee.
The killer bee is severely wounded.
You feel sick. The killer bee completely misses you.
The killer bee barely misses you. The killer bee completely misses you.
The killer bee misses you. The killer bee completely misses you.
You scratch the killer bee.
The killer bee is severely wounded.
The killer bee misses you. The killer bee stings you.
You die...
The killer bee misses you. x2
You are now level 9!
You rejoin the land of the living...
Unknown command.
Unknown command.
Are you sure you want to abandon this character and quit the game? (Confirm with "yes".)

##########
#........#
#........#
#......@.#
#........#
#........#
.........#
.........#
#........#
#..####..#
#.. #..#


There were no monsters in sight!

Vanquished Creatures
  Maurice (D:10)
  A hornet (D:9)
  A hippogriff (D:9)
  Sigmund (D:4)
  2 wyverns
  2 wraiths (D:10)
  A hungry ghost (D:9)
  A water moccasin (D:6)
  2 orc warriors
  2 slaves (D:6)
  5 sky beasts
  2 black bears
  An ice beast (D:8)
  2 ogres
  A phantom (D:7)
  3 centaurs
  A crocodile (D:10)
  A big kobold (D:9)
  2 bullfrogs
  5 scorpions
  6 killer bees
  A howler monkey (D:5)
  3 crimson imps
  A quasit (D:10)
  A bullfrog skeleton (D:4)
  6 hounds
  An orc priest (D:9)
  2 jellies
  4 orc wizards
  4 iguanas
  10 worker ants
  A killer bee zombie (D:8)
  A hound zombie (D:6)
  A hound skeleton (D:8)
  12 adders
  5 shadow imps
  2 oozes
  2 adder skeletons
  2 worms (D:2)
  5 dart slugs
  4 leopard geckos
  22 orcs
  2 ball pythons
  6 giant cockroaches
  14 goblins
  9 hobgoblins
  14 jackals
  7 quokkas
  9 bats
  5 frilled lizards
  A jackal skeleton (D:4)
  16 kobolds
  A quokka skeleton (D:9)
  9 rats
226 creatures vanquished.

Vanquished Creatures (others)
  A troll (D:9)
  A two-headed ogre (D:8)
2 creatures vanquished.

Grand Total: 228 creatures vanquished

Notes
Turn   | Place    | Note
-------+----------+-------------------------------------------
     0 | Abyss:1  | Leszczynek the Felid Abyssal Knight began the quest for the Orb.
     0 | Abyss:1  | Reached XP level 1. HP: 10/10 MP: 3/3
    21 | D:1      | Escaped the Abyss
    79 | D:1      | HP: 1/10 [dart slug/slug dart (6)]
    85 | D:1      | Reached skill level 1 in Stealth
   357 | D:1      | Reached skill level 2 in Stealth
   427 | D:1      | Reached XP level 2. HP: 13/14 MP: 4/4
   648 | D:1      | Reached skill level 3 in Stealth
  1173 | D:1      | Reached ** piety under Lugonu
  1440 | D:2      | Found a burning altar of Makhleb.
  1455 | D:2      | Reached XP level 3. HP: 17/17 MP: 5/5
  2200 | D:2      | Found a glowing silver altar of Zin.
  2347 | D:2      | Reached skill level 3 in Unarmed Combat
  2490 | D:2      | HP: 1/17 [worm (11)]
  3427 | D:2      | Reached XP level 4. HP: 9/21 MP: 6/6
  3732 | D:3      | Found a shadowy altar of Dithmenos.
  3898 | D:3      | Found an opulent altar of Gozag.
  4028 | D:3      | Found a sacrificial altar of Ru.
  4156 | D:3      | Noticed Natasha
  4601 | D:3      | Reached skill level 4 in Unarmed Combat
  5132 | D:3      | Found a runed door.
  5291 | D:4      | Noticed Sigmund
  5344 | D:4      | Killed Sigmund
  5344 | D:4      | Reached skill level 4 in Dodging
  5344 | D:4      | Reached skill level 5 in Unarmed Combat
  5344 | D:4      | Reached XP level 5. HP: 24/24 MP: 7/7
  5344 | D:4      | Gained mutation: You are covered in thick fur. (AC +2) [Felid growth]
  5344 | D:4      | Reached XP level 6. HP: 28/28 MP: 8/8
  5506 | D:4      | Noticed a sky beast
  5641 | D:4      | Reached *** piety under Lugonu
  5896 | D:4      | Reached skill level 6 in Unarmed Combat
  5913 | D:4      | Found a shimmering altar of Xom.
  6182 | D:4      | Killed a sky beast
  6182 | D:4      | Reached skill level 5 in Dodging
  6182 | D:4      | Reached skill level 4 in Stealth
  6182 | D:4      | Reached XP level 7. HP: 23/31 MP: 9/9
  6275 | D:4      | Reached skill level 4 in Fighting
  6377 | D:5      | Entered Level 5 of the Dungeon
  6579 | D:5      | Found a snail-covered altar of Cheibriados.
  6666 | D:5      | Noticed a hippogriff
  6666 | D:5      | sure
  6695 | D:5      | Reached skill level 5 in Stealth
  6841 | D:5      | Found a shattered altar of Ashenzari.
  6879 | D:5      | Reached skill level 2 in Invocations
  7051 | D:5      | Reached skill level 6 in Dodging
  7379 | D:5      | Reached XP level 8. HP: 21/36 MP: 10/10
  7746 | D:6      | Reached skill level 7 in Unarmed Combat
  7786 | D:6      | Found Qoipp's Assorted Antiques.
  7795 | D:6      | Bought a scroll of identify for 38 gold pieces
  7795 | D:6      | Bought a fizzy black potion for 17 gold pieces
  7795 | D:6      | Bought a twisted platinum amulet for 95 gold pieces
  8231 | D:6      | Noticed Pikel
  8232 | D:6      | elec whip
  9002 | D:6      | Reached **** piety under Lugonu
  9029 | D:7      | Reached skill level 3 in Invocations
  9351 | D:6      | Reached skill level 7 in Dodging
  9383 | D:6      | Reached skill level 4 in Invocations
  9878 | D:7      | Noticed Duvessa
  9963 | D:7      | half of the level cut off because of those two
  9963 | D:7      | great
 10011 | D:8      | Found a flagged portal.
 10025 | D:8      | Reached skill level 5 in Invocations
 10120 | Bailey   | Entered a bailey
 10139 | Bailey   | useless
 10211 | D:8      | Reached skill level 8 in Unarmed Combat
 10360 | D:8      | Reached XP level 9. HP: 39/39 MP: 13/13
 10479 | D:8      | Reached skill level 8 in Dodging
 10908 | D:8      | the two-headed ogre is devoured by a tear in reality.
 11132 | D:8      | Reached skill level 6 in Invocations
 11505 | D:7      | Reached skill level 6 in Stealth
 11813 | D:9      | Noticed Prince Ribbit
 11940 | D:9      | Reached skill level 5 in Fighting
 12068 | D:9      | Noticed Erica
 12071 | D:9      | Erica is devoured by a tear in reality.
 12071 | D:9      | Banished Erica
 12071 | D:9      | Reached skill level 7 in Invocations
 13099 | D:9      | Noticed a troll
 13113 | D:9      | Reached skill level 9 in Unarmed Combat
 13242 | D:9      | the troll is devoured by a tear in reality.
 13242 | D:9      | Banished a troll
 13242 | D:9      | Reached XP level 10. HP: 45/45 MP: 16/16
 13259 | D:9      | Reached skill level 6 in Fighting
 13924 | D:10     | Entered Level 10 of the Dungeon
 13986 | D:10     | Mangled by an orc warrior
 13987 | D:10     | Reached XP level 9. HP: -7/41 MP: 15/15
 14140 | D:10     | Reached skill level 9 in Dodging
 14303 | D:10     | Noticed Josephine
 14515 | D:10     | Noticed Maurice
 14535 | D:10     | Killed Maurice
 14615 | D:10     | Josephine is devoured by a tear in reality.
 14615 | D:10     | Banished Josephine
 14615 | D:10     | Reached skill level 10 in Unarmed Combat
 14645 | D:10     | Reached skill level 1 in Evocations
 14735 | D:10     | Reached XP level 10. HP: 29/46 MP: 16/16
 14746 | D:10     | Reached skill level 7 in Fighting
 14750 | D:10     | HP: 6/70 [killer bee (7)]
 14753 | D:10     | Slain by a killer bee
 14754 | D:10     | Reached XP level 9. HP: 0/64 MP: 15/15
 14754 | D:10     | Quit the game

Skill      XL: |  1  2  3  4  5  6  7  8  9 10 |
---------------+-------------------------------+-----
Stealth        | 2 3 4 5 6 |  6.0
Unarmed Combat | 3 5 6 8 10 | 10.1
Dodging        | 4 5 6 7 9 |  9.7
Fighting       | 4 5 7 |  7.0
Invocations    | 2 5 7 |  7.2
Evocations     | 1 |  1.6

Action                   |  1- 3 |  4- 6 |  7- 9 | 10-12 || total
-------------------------+-------+-------+-------+-------++-------
Melee: Unarmed           |   143 |   132 |   548 |    45 ||   868
       Bite              |    16 |     6 |    39 |     1 ||    62
       Punch             |     3 |     3 |     9 |       ||    15
Invok: Banish            |       |       |     4 |     1 ||     5
 Abil: Evoke Berserk Rag |       |       |    10 |     2 ||    12
Evoke: Wand              |       |       |     6 |       ||     6
  Use: Scroll            |     4 |     3 |    10 |       ||    17
       Potion            |       |     3 |       |       ||     3
 Stab: Sleeping          |    14 |    13 |    17 |     1 ||    45
       Distracted        |       |     1 |       |       ||     1
  Eat: Chunk             |    12 |     5 |    38 |     3 ||    58
Armor: Skin              |    11 |    10 |     9 |       ||    30
Dodge: Dodged            |   108 |    93 |   408 |    73 ||   682
Block: Other             |       |       |    16 |       ||    16
